 Dungeon Crawl Stone Soup version 0.23-a0-814-g91b4073 (webtiles) character file.

686 tidbits the Magician (level 7, -1/51 HPs)
             Began as a Gnoll Wanderer on Jan 21, 2019.
             Slain by a gnoll sergeant
             ... wielding a +0 spear
              (7 damage)
             ... on level 4 of the Dungeon.
             The game lasted 00:17:54 (1478 turns).

tidbits the Magician (Gnoll Wanderer)               Turns: 1478, Time: 00:17:55

Health: -1/51      AC:  5    Str: 13      XL:     7   Next: 62%
Magic:  6/18       EV: 18    Int: 17 (18) God:
Gold:   129        SH:  0    Dex: 17      Spells: 11/21 levels left

rFire    + . .     SeeInvis .   a - +2 dagger (venom)
rCold    . . .     Gourm    .   (no shield)
rNeg     . . .     Faith    .   B - +0 robe
rPois    .         Spirit   .   E - +2 helmet
rElec    .         Reflect  .   (no cloak)
rCorr    .         Harm     .   (no gloves)
MR       .....     Rnd*Tele +   (no boots)
Stlth    +++.......             (no amulet)
HPRegen  0.17/turn              Y - +6 ring of slaying
MPRegen  0.16/turn              (no ring)

@: agile
A: distributed training, fangs 1, clumsy 1, deterioration 1, fire resistance 1,
teleportitis 1, strong nose
a: no special abilities


You were on level 4 of the Dungeon.
You were very full.

You visited 1 branch of the dungeon, and saw 5 of its levels.

You collected 129 gold pieces.

Inventory:

Hand Weapons
 a - a +2 dagger of venom (weapon)
   (You took it off a goblin on level 1 of the Dungeon)
 b - a +0 short sword
 h - a +0 dagger
 j - a cursed -3 rapier
 k - a +0 flail
 n - a +0 hunting sling
 q - a +2 hand axe of freezing
   (You took it off an orc priest on level 3 of the Dungeon)
Missiles
 g - 34 stones
 o - 67 arrows
 p - 4 tomahawks (quivered)
Armour
 B - a +0 robe (worn)
 E - a +2 helmet (worn)
Magical Staves
 m - an uncursed staff of power {unknown}
   (You found it on level 2 of the Dungeon)
Jewellery
 w - an uncursed amulet of guardian spirit
   (You found it on level 3 of the Dungeon)
 Y - a +6 ring of slaying (left hand)
   (You found it on level 3 of the Dungeon)
Wands
 v - a wand of flame (17)
 x - a wand of iceblast (3)
Scrolls
 d - a scroll of magic mapping {unknown}
 f - a scroll of enchant weapon
 i - a scroll of fear
 r - 2 scrolls of remove curse
 t - a scroll of teleportation
Potions
 e - a potion of heal wounds {unknown}
 l - a potion of magic {unknown}
 u - a potion of mutation {!q}
Comestibles
 c - 6 rations
 z - a chunk of flesh


   Skills:
 + Level 2.5 Fighting
 + Level 2.5 Short Blades
 + Level 2.5 Long Blades
 + Level 2.5 Axes
 + Level 2.5 Maces & Flails
 + Level 2.5 Polearms
 + Level 2.5 Staves
 + Level 2.5 Slings
 + Level 2.5 Bows
 + Level 2.5 Crossbows
 + Level 3.7 Throwing
 + Level 2.5 Armour
 + Level 2.5 Dodging
 + Level 2.5 Stealth
 + Level 2.5 Shields
 + Level 2.5 Unarmed Combat
 + Level 7.6 Spellcasting
 + Level 2.1 Conjurations
 + Level 2.1 Hexes
 + Level 5.8 Charms
 + Level 2.1 Summonings
 + Level 3.0 Necromancy
 + Level 2.1 Translocations
 + Level 2.1 Transmutations
 + Level 3.0 Fire Magic
 + Level 2.1 Ice Magic
 + Level 2.1 Air Magic
 + Level 2.1 Earth Magic
 + Level 2.1 Poison Magic
 + Level 2.8 Invocations
 + Level 3.7 Evocations


You had 11 spell levels left.
You knew the following spells:

 Your Spells              Type           Power        Failure   Level  Hunger
d - Vampiric Draining     Necr           ###.......   10%         3    #......
n - Animate Skeleton      Necr           N/A          3%          1    None
p - Spider Form           Tmut/Pois      ##........   14%         3    #......
r - Regeneration          Chrm/Necr      ###.......   5%          3    #......

Your spell library contained the following spells:

 Spells                   Type           Power        Failure   Level  Hunger
 Pain                     Necr           ###.         3%          1    None
 Swiftness                Chrm/Air       ###.....     3%          2    None
 Sting                    Conj/Pois      ##..         4%          1    None
 Poisonous Vapours        Pois/Air       ##....       7%          2    None
 Animate Dead             Necr           N/A          30%         4    ###....


Dungeon Overview and Level Annotations

Branches:
Dungeon (5/15)
 Temple: D:4-7

Altars:
Dithmenos
Nemelex Xobeh


Innate Abilities, Weirdness & Mutations

Your experience applies equally to all skills.
You have very sharp teeth.
Your uncanny sense of smell can sniff out nearby items.
You are clumsy. (Dex -2)
Your body sometimes deteriorates upon taking damage.
Your flesh is heat resistant. (rF+)
You are occasionally teleported next to monsters.


Message History

Unknown command.
You see here a scroll of identify.
As you read the scroll of identify, it crumbles to dust.
f - a scroll of enchant weapon
As you read the scroll of teleportation, it crumbles to dust.
You feel strangely unstable.
The walls and floor vibrate strangely for a moment.
Unknown command.
Casting: Animate Skeleton (safe; 3% risk of failure)
Confirm with . or Enter, or press ? or * to list all spells.
You don't know that spell.
Your surroundings suddenly seem different.
Unknown command.
There is a stone staircase leading down, spattered with blood here.
You climb downwards.
A crimson imp and a zombie come into view.
The gnoll sergeant shouts!
The gnoll shouts! x3; You hear an angry hiss.
You hear a shout!
The gnoll barely misses you.
An adder comes into view.
An orc comes into view. It is wielding a +0 flail.
The gnoll throws a throwing net.
The throwing net completely misses you. The gnoll sergeant misses you.
The gnoll barely misses you.
There is a stone staircase leading up, spattered with blood here.
The leopard gecko bites you. The gnoll hits you with a +0 club.
The gnoll sergeant hits you with a +0 spear!
The gnoll barely misses you.
The crimson imp blinks!
You climb upwards.
There is a stone staircase leading down, spattered with blood here.
Unknown command.
Unknown command.
You puncture the leopard gecko!
You kill the leopard gecko!
The gnoll sergeant misses you. The gnoll hits you with a +0 club.
The gnoll misses you. The gnoll sergeant misses you.
You see here a leopard gecko corpse.
You closely miss the gnoll. You bite the gnoll, but do no damage.
The gnoll sergeant hits you from afar with a +0 spear!
* * * LOW HITPOINT WARNING * * *
Your body deteriorates!
You feel dopey. The gnoll hits you with a +0 club!
* * * LOW HITPOINT WARNING * * *
You hit the gnoll.
The gnoll is poisoned.
The gnoll is heavily wounded.
The gnoll sergeant hits you from afar with a +0 spear.
* * * LOW HITPOINT WARNING * * *
You puncture the gnoll!
You kill the gnoll!
The gnoll sergeant hits you from afar with a +0 spear.
* * * LOW HITPOINT WARNING * * *
It was a potion of agility.
You feel agile all of a sudden. The gnoll closely misses you.
The gnoll sergeant hits you but does no damage.
You puncture the gnoll!
The gnoll is almost dead.
The gnoll closely misses you.
You hit the gnoll.
You kill the gnoll!
The gnoll sergeant completely misses you.
The gnoll sergeant completely misses you.
There is a stone staircase leading down, spattered with blood here.
Things that are here:
a +0 club x2
Unknown command.
Casting: Animate Skeleton (safe; 3% risk of failure)
Confirm with . or Enter, or press ? or * to list all spells.
Aiming: Vampiric Draining (safe; 10% risk of failure)
Press: ? - help, Shift-Dir - straight line, f - gnoll sergeant
Aim: a gnoll sergeant, wielding a +0 spear, wearing a +0 scale mail and wearing a +0 buckler The gnoll sergeant is lightly wounded.
You feel life coursing into your body. The gnoll sergeant closely misses you.
Casting: Vampiric Draining (safe; 10% risk of failure)
Confirm with . or Enter, or press ? or * to list all spells.
Aiming: Vampiric Draining (safe; 10% risk of failure)
Press: ? - help, Shift-Dir - straight line, f/p - gnoll sergeant
Aim: a gnoll sergeant, wielding a +0 spear, wearing a +0 scale mail and wearing a +0 buckler (lightly wounded)
The gnoll sergeant is moderately wounded.
You feel life coursing into your body.
The gnoll sergeant hits you with a +0 spear.
* * * LOW HITPOINT WARNING * * *
Casting: Vampiric Draining (safe; 10% risk of failure)
Confirm with . or Enter, or press ? or * to list all spells.
Aiming: Vampiric Draining (safe; 10% risk of failure)
Press: ? - help, Shift-Dir - straight line, f/p - gnoll sergeant
Aim: a gnoll sergeant, wielding a +0 spear, wearing a +0 scale mail and wearing a +0 buckler (moderately wounded)
The gnoll sergeant is heavily wounded.
You feel life coursing into your body.
The gnoll sergeant hits you with a +0 spear!
* * * LOW HITPOINT WARNING * * *
Casting: Vampiric Draining (safe; 10% risk of failure)
Confirm with . or Enter, or press ? or * to list all spells.
Aiming: Vampiric Draining (safe; 10% risk of failure)
Press: ? - help, Shift-Dir - straight line, f/p - gnoll sergeant
Aim: a gnoll sergeant, wielding a +0 spear, wearing a +0 scale mail and wearing a +0 buckler (heavily wounded)
The gnoll sergeant is almost dead.
You feel life coursing into your body.
The gnoll sergeant hits you with a +0 spear!
You die...

#.#..................#######
#........#......###### #....
#######......#...#..# #.###
#.....ZZ.........#.)# #.###
#.#####.####.#..##..# #....
##.#####.# #........# #.###
......##.# ###......# #.###
.#.##.##.# ##†##### ##.... ##...
...# ##@## #..### ###..####
#.g.##### ####.#### ###.#####
#...#...###.......# #.......#
#........##.##....#
#.......######.........#.##....#
##.......##...............#.....#
.....[.......................(.>.
#.......##.....................#
#.......######(......<.#.......#


You could see a gnoll sergeant.

Vanquished Creatures
  A sky beast (D:4)
  3 ogres (D:4)
  A centaur skeleton (D:4)
  A bullfrog skeleton (D:4)
  An orc priest (D:3)
  Jessica (D:3)
  Natasha (thrice) (D:4)
  A worker ant (D:4)
  Robin (D:3)
  3 gnolls (D:4)
  3 worms
  A leopard gecko (D:4)
  7 orcs
  3 giant cockroaches
  21 goblins
  6 hobgoblins
  4 jackals
  5 kobolds
  3 quokkas
  4 bats
  4 frilled lizards
  3 rats
80 creatures vanquished.

Vanquished Creatures (collateral kills)
  A leopard gecko (D:4)
1 creature vanquished.

Grand Total: 81 creatures vanquished

Notes
Turn   | Place    | Note
-------+----------+-------------------------------------------
     0 | D:1      | tidbits the Gnoll Wanderer began the quest for the Orb.
     0 | D:1      | tidbits set off with the following items: a +0 robe, a +0
                  | dagger, a ration; and the following spells available to
                  | memorise: Animate Skeleton, Pain, Swiftness, Regeneration,
                  | Sting, Vampiric Draining, Poisonous Vapours, Spider Form,
                  | Animate Dead
     0 | D:1      | Reached XP level 1. HP: 13/13 MP: 8/8
     2 | D:1      | Learned a level 1 spell: Pain
     4 | D:1      | Learned a level 1 spell: Animate Skeleton
   112 | D:1      | Reached skill level 2 in Necromancy
   112 | D:1      | Reached skill level 2 in Fire Magic
   131 | D:1      | Reached XP level 2. HP: 12/19 MP: 7/10
   167 | D:2      | Found a shadowy altar of Dithmenos.
   531 | D:2      | Reached XP level 3. HP: 8/25 MP: 9/11
   538 | D:2      | Gained mutation: You are clumsy. (Dex -2) [potion of
                  | mutation]
   538 | D:2      | Gained mutation: You are occasionally teleported next to
                  | monsters. [potion of mutation]
   538 | D:2      | Gained mutation: Your body sometimes deteriorates upon
                  | taking damage. [potion of mutation]
   538 | D:2      | Gained mutation: Your flesh is heat resistant. (rF+)
                  | [potion of mutation]
   543 | D:2      | Learned a level 3 spell: Regeneration
   548 | D:2      | Learned a level 3 spell: Vampiric Draining
   567 | D:3      | Noticed Jessica
   573 | D:3      | Learned a level 3 spell: Spider Form
   675 | D:3      | Killed Jessica
   675 | D:3      | Reached skill level 1 in Fighting
   675 | D:3      | Reached skill level 1 in Short Blades
   675 | D:3      | Reached skill level 1 in Long Blades
   675 | D:3      | Reached skill level 1 in Axes
   675 | D:3      | Reached skill level 1 in Maces & Flails
   675 | D:3      | Reached skill level 1 in Polearms
   675 | D:3      | Reached skill level 1 in Staves
   675 | D:3      | Reached skill level 1 in Slings
   675 | D:3      | Reached skill level 1 in Bows
   675 | D:3      | Reached skill level 1 in Crossbows
   675 | D:3      | Reached skill level 1 in Armour
   675 | D:3      | Reached skill level 1 in Dodging
   675 | D:3      | Reached skill level 1 in Stealth
   675 | D:3      | Reached skill level 1 in Shields
   675 | D:3      | Reached skill level 1 in Unarmed Combat
   675 | D:3      | Reached skill level 1 in Invocations
   675 | D:3      | Reached XP level 4. HP: 31/32 MP: 10/13
   705 | D:3      | Reached skill level 1 in Conjurations
   705 | D:3      | Reached skill level 1 in Hexes
   705 | D:3      | Reached skill level 1 in Summonings
   705 | D:3      | Reached skill level 1 in Translocations
   705 | D:3      | Reached skill level 1 in Transmutations
   705 | D:3      | Reached skill level 1 in Ice Magic
   705 | D:3      | Reached skill level 1 in Air Magic
   705 | D:3      | Reached skill level 1 in Earth Magic
   705 | D:3      | Reached skill level 1 in Poison Magic
   751 | D:3      | Noticed Robin
   754 | D:3      | Reached XP level 5. HP: 37/37 MP: 7/14
   759 | D:3      | Killed Robin
   934 | D:4      | Noticed Natasha
   945 | D:4      | Noticed an ogre
   948 | D:4      | Killed Natasha
   948 | D:4      | Reached skill level 3 in Throwing
   948 | D:4      | Reached skill level 3 in Evocations
   963 | D:4      | Killed an ogre
   963 | D:4      | Reached skill level 2 in Invocations
   963 | D:4      | Reached XP level 6. HP: 28/44 MP: 1/16
  1029 | D:5      | Entered Level 5 of the Dungeon
  1186 | D:4      | Reached skill level 2 in Fighting
  1186 | D:4      | Reached skill level 2 in Short Blades
  1186 | D:4      | Reached skill level 2 in Long Blades
  1186 | D:4      | Reached skill level 2 in Axes
  1186 | D:4      | Reached skill level 2 in Maces & Flails
  1186 | D:4      | Reached skill level 2 in Polearms
  1186 | D:4      | Reached skill level 2 in Staves
  1186 | D:4      | Reached skill level 2 in Slings
  1186 | D:4      | Reached skill level 2 in Bows
  1186 | D:4      | Reached skill level 2 in Crossbows
  1186 | D:4      | Reached skill level 2 in Armour
  1186 | D:4      | Reached skill level 2 in Dodging
  1186 | D:4      | Reached skill level 2 in Stealth
  1186 | D:4      | Reached skill level 2 in Shields
  1186 | D:4      | Reached skill level 2 in Unarmed Combat
  1209 | D:4      | Noticed Natasha
  1220 | D:4      | Killed Natasha
  1223 | D:4      | Reached XP level 7. HP: 36/50 MP: 7/18
  1265 | D:4      | Found a sparkling altar of Nemelex Xobeh.
  1282 | D:4      | Reached skill level 2 in Conjurations
  1282 | D:4      | Reached skill level 2 in Hexes
  1282 | D:4      | Reached skill level 2 in Summonings
  1282 | D:4      | Reached skill level 2 in Translocations
  1282 | D:4      | Reached skill level 2 in Transmutations
  1282 | D:4      | Reached skill level 2 in Ice Magic
  1282 | D:4      | Reached skill level 2 in Air Magic
  1282 | D:4      | Reached skill level 2 in Earth Magic
  1282 | D:4      | Reached skill level 2 in Poison Magic
  1304 | D:4      | Reached skill level 3 in Necromancy
  1304 | D:4      | Reached skill level 3 in Fire Magic
  1321 | D:4      | Noticed Natasha
  1327 | D:4      | Killed Natasha
  1440 | D:4      | Found a glowing drain.
  1477 | D:4      | HP: 2/51 [gnoll sergeant/+0 spear (8)]
  1478 | D:4      | Slain by a gnoll sergeant

Vault maps used:
D:1:      sevenhm_arrival_forest_fort_small_5
D:2:      lemuel_crystal_altar, serial_forest, infiniplex_forest_straight_5,
          infiniplex_forest_straight_3, infiniplex_forest_lined_2,
          infiniplex_forest_clump_cross, infiniplex_forest_clump_C,
          infiniplex_forest_end_3, infiniplex_forest_join,
          infiniplex_forest_end_3, infiniplex_forest_lined_room_2,
          grunt_dithmenos_smoke
D:3:      serial_co_window_serial, co_window_paths_a, co_window_corner_a,
          co_window_cross_1, co_window_of_opportunity_a, co_window_paths_b,
          co_window_corner_a, co_window_of_opportunity_c, co_window_cross_2,
          co_window_cross_4, co_window_unsneaky_path_a, uniq_jessica, uniq_robin
D:4:      portal_sewer_entry_e, minmay_misc_feat_ornament,
          nemelex_xobeh_ov_fountains_minmay, uniq_natasha
D:5:      first_ration, minivault_23

Skill      XL: |  1  2  3  4  5  6  7 |
---------------+----------------------+-----
Necromancy     | 2 3 |  3.0
Fire Magic     | 2 3 |  3.0
Fighting       | 1 2 |  2.5
Short Blades   | 1 2 |  2.5
Long Blades    | 1 2 |  2.5
Axes           | 1 2 |  2.5
Maces & Flails | 1 2 |  2.5
Polearms       | 1 2 |  2.5
Staves         | 1 2 |  2.5
Slings         | 1 2 |  2.5
Bows           | 1 2 |  2.5
Crossbows      | 1 2 |  2.5
Armour         | 1 2 |  2.5
Dodging        | 1 2 |  2.5
Stealth        | 1 2 |  2.5
Shields        | 1 2 |  2.5
Unarmed Combat | 1 2 |  2.5
Invocations    | 1 2 |  2.8
Conjurations   | 1 2 |  2.1
Hexes          | 1 2 |  2.1
Summonings     | 1 2 |  2.1
Translocations | 1 2 |  2.1
Transmutations | 1 2 |  2.1
Ice Magic      | 1 2 |  2.1
Air Magic      | 1 2 |  2.1
Earth Magic    | 1 2 |  2.1
Poison Magic   | 1 2 |  2.1
Throwing       | 3 |  3.7
Evocations     | 3 |  3.7
Spellcasting   | |  7.6
Charms         | |  5.8

Action                   |  1- 3 |  4- 6 |  7- 9 || total
-------------------------+-------+-------+-------++-------
Melee: Dagger            |    22 |   102 |    23 ||   147
       Bite              |     2 |    10 |     1 ||    13
       Unarmed           |     3 |       |       ||     3
       Punch             |       |     1 |       ||     1
Throw: Tomahawk          |       |     1 |       ||     1
 Cast: Pain              |    40 |     1 |       ||    41
       Vampiric Draining |     2 |     5 |     7 ||    14
       Regeneration      |     1 |     5 |       ||     6
       Spider Form       |     1 |       |       ||     1
       Animate Skeleton  |       |     2 |     2 ||     4
Evoke: Wand              |       |       |     1 ||     1
  Use: Scroll            |     1 |     4 |     3 ||     8
       Potion            |     1 |       |     1 ||     2
 Stab: Sleeping          |       |     1 |       ||     1
  Eat: Ration            |     1 |     2 |       ||     3
Armor: Robe              |     3 |    19 |     9 ||    31
Dodge: Dodged            |    15 |    48 |    20 ||    83

Table legend:
 A = Non-vault XP
 B = Vault XP
 C = Vault XP percentage of total XP
 D = Non-vault monster count
 E = Vault monster count
 F = Vault count percentage of total count
                 A         B        C        D         E       F
            +---------+---------+-------+---------+---------+-------
      Total |     868 |     112 |  11.4 |      66 |      15 |  18.5
            +---------+---------+-------+---------+---------+-------
        D:1 |      18 |       0 |   0.0 |      13 |       0 |   0.0
        D:2 |      17 |       0 |   0.0 |       9 |       0 |   0.0
        D:3 |      88 |      76 |  46.3 |      21 |      14 |  40.0
        D:4 |     745 |      36 |   4.6 |      23 |       1 |   4.2
            +---------+---------+-------+---------+---------+-------

Table legend:
 A = Turns spent in this place as a percentage of turns spent in the entire game.
 B = Non-inter-level travel turns spent in this place as a percentage of non-inter-level travel turns spent in the entire game.
 C = Inter-level travel turns spent in this place as a percentage of turns spent in this place.
 D = Turns resting spent in this place as a percentage of non-inter-level travel turns spent in this place.
 E = Turns spent auto-exploring this place as a percentage of non-inter-level travel turns spent in this place.
 F = Non-inter-level travel turns spent in this place divided by the number of levels of this place that you've seen.
                   A       B       C       D       E      F
               +-------+-------+-------+-------+-------+----------------------
         Total | 100.0 | 100.0 |   4.6 |   0.0 |   0.0 | 282.0
       Dungeon | 100.0 | 100.0 |   4.6 |   0.0 |   0.0 | 282.0
               +-------+-------+-------+-------+-------+----------------------

Table legend:
 A = Kills in this place as a percentage of kills in entire the game.
 B = Kills by you in this place as a percentage of kills by you in the entire game.
 C = Kills by friends in this place as a percentage of kills by friends in the entire game.
 D = Other kills in this place as a percentage of other kills in the entire game.
 E = Experience gained in this place as a percentage of experience gained in the entire game.
 F = Experience gained in this place divided by the number of levels of this place that you have seen.
                   A       B       C       D       E      F
               +-------+-------+-------+-------+-------+----------------------
         Total | 100.0 | 100.0 | 100.0 |   N/A | 100.0 | 196.0
       Dungeon | 100.0 | 100.0 | 100.0 |   N/A | 100.0 | 196.0
               +-------+-------+-------+-------+-------+----------------------

Vault maps used:
D:1:      sevenhm_arrival_forest_fort_small_5
D:2:      lemuel_crystal_altar, serial_forest, infiniplex_forest_straight_5,
          infiniplex_forest_straight_3, infiniplex_forest_lined_2,
          infiniplex_forest_clump_cross, infiniplex_forest_clump_C,
          infiniplex_forest_end_3, infiniplex_forest_join,
          infiniplex_forest_end_3, infiniplex_forest_lined_room_2,
          grunt_dithmenos_smoke
D:3:      serial_co_window_serial, co_window_paths_a, co_window_corner_a,
          co_window_cross_1, co_window_of_opportunity_a, co_window_paths_b,
          co_window_corner_a, co_window_of_opportunity_c, co_window_cross_2,
          co_window_cross_4, co_window_unsneaky_path_a, uniq_jessica, uniq_robin
D:4:      portal_sewer_entry_e, minmay_misc_feat_ornament,
          nemelex_xobeh_ov_fountains_minmay, uniq_natasha
D:5:      first_ration, minivault_23
